 Dungeon Crawl Stone Soup version 0.31-a0-202-g547052bce9 (webtiles) character file.

Game seed: 13166169572449467275

37 qw the Shooter (level 3, 0/20 HPs)
             Began as a Deep Elf Hunter on June 26, 2023.
             Slain by Terence
             ... wielding a +1 heavy trident
              (6 damage)
             ... on level 2 of the Dungeon.
             The game lasted 00:00:19 (889 turns).

qw the Shooter (Deep Elf Hunter)                     Turns: 889, Time: 00:00:19

Health: 0/20       AC:  4    Str: 10    XL:     3   Next: 23%
Magic:  5/5        EV: 12    Int: 13    God:
Gold:   20         SH:  0    Dex: 18    Spells: 2/2 levels left

rFire   . . .        Y - +0 shortbow
rCold   . . .        (shield currently unavailable)
rNeg    . . .        c - +0 leather armour
rPois   .            (no helmet)
rElec   .            (no cloak)
rCorr   .            e - +0 pair of gloves
SInv    .            (no boots)
Will    .....        (no amulet)
Stlth   ++           (no ring)
HPRegen 0.23/turn    (no ring)
MPRegen 0.09/turn

%: no passive effects
@: no status effects
A: no striking features
a: no special abilities


You were on level 2 of the Dungeon.
You visited 1 branch of the dungeon, and saw 2 of its levels.

You collected 20 gold pieces.


   Skills:
 - Level 1.5 Fighting
 + Level 6.8 Ranged Weapons
 - Level 2.4 Dodging
 - Level 1.2 Stealth


You had 2 spell levels left.
You didn't know any spells.
Your spell library was empty.

Inventory:

Hand Weapons
 Y - a +0 shortbow (weapon)
Armour
 c - a +0 leather armour (worn)
 e - a +0 pair of gloves (worn)
Scrolls
 a - a scroll of enchant weapon {unknown}
 b - a scroll of revelation {unknown}
Potions
 d - a potion of brilliance {unknown}
 f - a potion of lignification {unknown}
 i - a potion of mutation {unknown}
 j - a potion of enlightenment {unknown}

Dungeon Overview and Level Annotations

Branches:
Dungeon (2/15)

Altars:
Trog

Annotations:
D:2 Terence


Message History

You shoot an arrow.
The arrow closely misses the bat skeleton.
The bat skeleton hits you but does no damage.
You shoot an arrow. The arrow hits the bat skeleton.
The bat skeleton is almost destroyed.
The bat skeleton hits you but does no damage.
The bat skeleton barely misses you. The bat skeleton closely misses you.
You shoot an arrow. The arrow hits the bat skeleton!
You destroy the bat skeleton!
b - a scroll labelled XOIWKO CIAMEM
Enter note:
Found 4 large rocks.
Enter note:
Found 2 boomerangs.
Enter note: A giant cockroach comes into view.
Enter note: You shoot an arrow.
The arrow hits the giant cockroach!
You kill the giant cockroach!
Terence the Incautious comes into view.
He is wielding a +1 heavy trident.
Terence shouts!
Enter note:
Enter note: You shoot an arrow.
The arrow completely misses Terence.
You shoot an arrow. The arrow hits Terence.
Terence is moderately wounded.
You shoot an arrow. The arrow hits Terence.
Terence is heavily wounded.
You shoot an arrow.
The arrow hits Terence but does no damage.
Terence is heavily wounded.
An endoplasm comes into view.
You shoot an arrow. The arrow closely misses Terence.
Terence hits you from afar with a +1 heavy trident!
Ouch! That really hurt!
You shoot an arrow.
The arrow hits Terence but does no damage.
Terence is heavily wounded.
Terence hits you from afar with a +1 heavy trident.
You die...

._.............
...............
..........####.
..........# ###########
........### #.........##
........### #(..........
..........# #...........
..........###........J..
................@.@.....
##...##......###........
..... #......# #........
..............##........
..(...........##........
..............##........
............##........
............##........


You could see Terence and an endoplasm.

Vanquished Creatures
  An adder zombie (D:2)
  A dart slug (D:1)
  3 ball pythons (D:1)
  4 bats (D:1)
  A bat skeleton (D:2)
  A bat zombie (D:2)
  2 giant cockroaches
  2 goblins (D:1)
  4 hobgoblins (D:1)
  4 kobolds (D:1)
  3 frilled lizards (D:1)
  2 rats (D:1)
28 creatures vanquished.

Notes
Turn   | Place    | Note
-------+----------+-------------------------------------------
     0 | D:1      | qw the Deep Elf Hunter began the quest for the Orb.
     0 | D:1      | Reached XP level 1. HP: 12/12 MP: 3/3
     0 | D:1      | 0 ||| qw: Version: 0.3-a-22-g0ed2b0b
     0 | D:1      | 0 ||| qw: Game counter: 5924
     0 | D:1      | 0 ||| qw: Melee chars always use a shield: true
     0 | D:1      | 0 ||| qw: God list: Okawaru
     0 | D:1      | 0 ||| qw: Allow faded altars: false
     0 | D:1      | 0 ||| qw: Do Orc after clearing Dungeon:15 true
     0 | D:1      | 0 ||| qw: Do second Lair branch before Depths: true
     0 | D:1      | 0 ||| qw: Lair rune preference: random
     0 | D:1      | 0 ||| qw: Goals: Normal
     0 | D:1      | 0 ||| PLANNING D:1-11
   209 | D:1      | Reached skill level 6 in Ranged Weapons
   209 | D:1      | Reached XP level 2. HP: 16/16 MP: 4/4
   413 | D:1      | Found a faded altar of an unknown god.
   545 | D:1      | Reached XP level 3. HP: 20/20 MP: 5/5
   698 | D:1      | 698 ||| UPGRADING to +0 pair of gloves.
   703 | D:1      | 703 ||| READING scroll labelled CYRPHO BAEJYHE.
   804 | D:1      | 804 ||| READING scroll labelled ENWUUJY YFERPH.
   805 | D:1      | 805 ||| READING scroll labelled LASHRE JIUROTUS.
   806 | D:1      | 806 ||| DROPPING scroll of butterflies.
   849 | D:2      | Found a bloodstained altar of Trog.
   883 | D:2      | Noticed Terence
   889 | D:2      | Slain by Terence

Levels and vault maps discovered:
D:1:      heliophobic_arrival_enchanted_forest, layout_basic,
          dreamdust_ecumenical_altar_grove, st_stairs_10, glass_columns_b,
          chequers_mini_garden, minmay_distorted
D:2:      layout_basic, basic_altar, serial_undead, serial_undead_e,
          serial_undead_b, serial_undead_d, serial_undead_e,
          serial_bayou_pond_e, kennysheep_cluttered_room, uniq_terence

Skill      XL: |  1 |
---------------+----+-----
Ranged Weapons | 6 |  6.8
Fighting       | |  1.5
Dodging        | |  2.4
Stealth        | |  1.2

Action                     || total
---------------------------++-------
   Fire: Shortbow          ||    65
    Use: Scroll            ||     3
 Armour: Leather armour    ||     7
  Dodge: Dodged            ||    10

Table legend:
 A = Non-vault XP
 B = Vault XP
 C = Vault XP percentage of total XP
 D = Non-vault monster count
 E = Vault monster count
 F = Vault count percentage of total count
                 A         B        C        D         E       F
            +---------+---------+-------+---------+---------+-------
      Total |      38 |      16 |  29.6 |      21 |       7 |  25.0
            +---------+---------+-------+---------+---------+-------
        D:1 |      36 |       6 |  14.3 |      20 |       4 |  16.7
        D:2 |       2 |      10 |  83.3 |       1 |       3 |  75.0
            +---------+---------+-------+---------+---------+-------
